[ PARTIDA AOE2 · #496640302 ]
UnrankedBengalíes vs Malians
Equipo del jugador · DERR
Equipo rival · VICT
[ ANÁLISIS DE REPETICIÓN · EXTRAÍDO DE LA PARTIDA GRABADA ]
Feudal
9:41
Castillos
19:39
Imperial
38:20
| APM promedio | 69.7 |
| APM pico | 108 |
| eAPM promedio | 35.8 |
| Aldeanos / militares | 257 / 241 |
Foco
⚔️ 36.3% · 🌾 63.7%
Spearman ×94 · Ratha (Ranged) ×92 · Monk ×21 · Skirmisher ×16 · Militia ×6 · Mangonel ×6
Feudal
8:57
Castillos
19:57
Imperial
36:59
| APM promedio | 79.5 |
| APM pico | 113 |
| eAPM promedio | 44.4 |
| Aldeanos / militares | 292 / 254 |
Foco
⚔️ 49.5% · 🌾 50.5%
Camel Scout ×122 · Gbeto ×40 · Scout Cavalry ×30 · Archer ×29 · Trebuchet (Packed) ×11 · Mangonel ×7
Mapa de la partida
Recursos iniciales + cada clic de construcción. Líneas = muros · curvas = relieve. ◆ oro · ⬟ piedra · ● bayas · ✦ reliquia · ◌ hueco del cierre
Tu base· ✓ Cerrada en 19:39 · 33t muro · sin puerta
Base de Oni.Lewis· Abierta — el rival se encerró
Terreno inicial suavizado · ◌ = hueco del cierre detectado · pasá el cursor para detalles
Inputs por minuto
— Thành Cổ Quảng Trị - - Oni.Lewis
Build order — Thành Cổ Quảng Trị
Primeras 150 de 749 acciones detectadas
| 0:00 | Crear | Villager (Male) |
| 0:01 | Construir | House |
| 0:02 | Construir | House |
| 0:12 | Crear | Villager (Male) |
| 0:12 | Crear | Villager (Male) |
| 0:12 | Crear | Villager (Male) |
| 0:12 | Crear | Villager (Male) |
| 1:25 | Crear | Villager (Male) |
| 1:25 | Crear | Villager (Male) |
| 1:53 | Construir | Lumber Camp |
| 2:00 | Crear | Villager (Male) |
| 2:00 | Crear | Villager (Male) |
| 2:18 | Crear | Villager (Male) |
| 2:18 | Crear | Villager (Male) |
| 2:19 | Crear | Villager (Male) |
| 2:46 | Crear | Villager (Male) |
| 2:47 | Crear | Villager (Male) |
| 3:06 | Crear | Villager (Male) |
| 3:06 | Crear | Villager (Male) |
| 3:35 | Crear | Villager (Male) |
| 3:35 | Crear | Villager (Male) |
| 3:57 | Crear | Villager (Male) |
| 3:57 | Crear | Villager (Male) |
| 3:58 | Construir | House |
| 4:01 | Construir | Palisade Wall |
| 4:22 | Crear | Villager (Male) |
| 4:22 | Crear | Villager (Male) |
| 4:41 | Crear | Villager (Male) |
| 4:58 | Crear | Villager (Male) |
| 4:59 | Crear | Villager (Male) |
| 5:19 | Construir | Barracks |
| 5:23 | Construir | Palisade Wall |
| 5:36 | Crear | Villager (Male) |
| 5:36 | Crear | Villager (Male) |
| 5:44 | Construir | House |
| 6:24 | Construir | Palisade Wall |
| 6:26 | Crear | Villager (Male) |
| 6:30 | Construir | Palisade Wall |
| 6:56 | Investigar | Loom |
| 7:14 | Construir | Palisade Wall |
| 7:17 | Investigar | Feudal Age |
| 7:18 | Crear | Militia |
| 7:18 | Crear | Militia |
| 7:32 | Construir | Palisade Wall |
| 7:59 | Crear | Militia |
| 7:59 | Crear | Militia |
| 8:03 | Crear | Villager (Male) |
| 8:07 | Construir | Mining Camp |
| 8:09 | Construir | Mining Camp |
| 8:20 | Construir | Palisade Wall |
| 8:27 | Construir | House |
| 8:29 | Crear | Militia |
| 8:29 | Crear | Militia |
| 9:18 | Construir | Mill |
| 9:41 | Edad | Edad Feudal |
| 9:43 | Investigar | Man-at-Arms (upgrade) |
| 9:49 | Crear | Villager (Male) |
| 9:50 | Investigar | Double-Bit Axe |
| 9:50 | Crear | Villager (Male) |
| 9:51 | Crear | Villager (Male) |
| 10:12 | Construir | Farm |
| 10:25 | Construir | Farm |
| 10:27 | Crear | Villager (Male) |
| 10:27 | Crear | Villager (Male) |
| 10:28 | Construir | House |
| 10:39 | Construir | Farm |
| 10:48 | Crear | Spearman |
| 10:49 | Crear | Spearman |
| 11:34 | Crear | Villager (Male) |
| 11:35 | Investigar | Horse Collar |
| 11:35 | Investigar | Horse Collar |
| 11:36 | Construir | Farm |
| 11:38 | Construir | Farm |
| 11:49 | Crear | Spearman |
| 11:50 | Crear | Villager (Male) |
| 11:52 | Construir | Farm |
| 12:05 | Construir | Farm |
| 12:08 | Construir | House |
| 12:25 | Crear | Villager (Male) |
| 12:25 | Crear | Villager (Male) |
| 12:27 | Construir | Farm |
| 12:28 | Construir | Farm |
| 12:43 | Construir | Farm |
| 12:43 | Crear | Villager (Male) |
| 12:48 | Construir | House |
| 12:55 | Construir | House |
| 13:13 | Crear | Villager (Male) |
| 13:13 | Crear | Villager (Male) |
| 13:14 | Construir | Farm |
| 13:33 | Crear | Villager (Male) |
| 13:54 | Construir | Farm |
| 13:54 | Construir | Farm |
| 14:09 | Construir | Archery Range |
| 14:27 | Crear | Villager (Male) |
| 14:43 | Crear | Villager (Male) |
| 14:59 | Construir | Mining Camp |
| 15:05 | Crear | Skirmisher |
| 15:06 | Crear | Skirmisher |
| 15:21 | Construir | House |
| 15:24 | Crear | Villager (Male) |
| 15:27 | Crear | Archer |
| 15:39 | Construir | House |
| 15:48 | Construir | House |
| 15:57 | Crear | Villager (Male) |
| 15:58 | Construir | Farm |
| 16:19 | Construir | House |
| 16:31 | Crear | Villager (Male) |
| 16:32 | Construir | Blacksmith |
| 16:41 | Crear | Villager (Male) |
| 16:50 | Construir | House |
| 16:59 | Investigar | Castle Age |
| 17:05 | Construir | Farm |
| 17:10 | Investigar | Gold Mining |
| 17:10 | Investigar | Gold Mining |
| 17:18 | Crear | Skirmisher |
| 17:18 | Crear | Skirmisher |
| 17:30 | Crear | Skirmisher |
| 17:32 | Investigar | Fletching |
| 17:32 | Investigar | Fletching |
| 17:50 | Construir | House |
| 17:56 | Crear | Skirmisher |
| 17:58 | Investigar | Padded Archer Armor |
| 17:58 | Investigar | Padded Archer Armor |
| 18:07 | Crear | Villager (Male) |
| 18:22 | Crear | Skirmisher |
| 18:39 | Crear | Skirmisher |
| 18:42 | Construir | Lumber Camp |
| 18:47 | Construir | Stone Wall |
| 19:10 | Crear | Skirmisher |
| 19:39 | Edad | Edad de los Castillos |
| 19:43 | Investigar | Bodkin Arrow |
| 19:50 | Investigar | Elite Skirmisher (upgrade) |
| 19:52 | Crear | Villager (Male) |
| 19:59 | Investigar | Bow Saw |
| 19:59 | Investigar | Bow Saw |
| 20:02 | Crear | Villager (Male) |
| 20:30 | Construir | Monastery |
| 20:35 | Investigar | Leather Archer Armor |
| 20:35 | Investigar | Leather Archer Armor |
| 20:41 | Construir | House |
| 20:41 | Crear | Villager (Male) |
| 20:41 | Crear | Villager (Male) |
| 20:49 | Crear | Skirmisher |
| 21:06 | Construir | Castle |
| 21:20 | Crear | Villager (Male) |
| 21:20 | Crear | Villager (Male) |
| 21:29 | Construir | Town Center |
| 21:48 | Crear | Villager (Male) |
| 22:08 | Crear | Monk |
| 22:26 | Crear | Villager (Male) |
Build order — Oni.Lewis
Primeras 150 de 837 acciones detectadas
| 0:00 | Crear | Villager (Male) |
| 0:01 | Crear | Villager (Male) |
| 0:02 | Construir | House |
| 0:03 | Construir | House |
| 0:09 | Crear | Villager (Male) |
| 0:23 | Crear | Villager (Male) |
| 0:23 | Crear | Villager (Male) |
| 1:35 | Crear | Villager (Male) |
| 1:57 | Crear | Villager (Male) |
| 2:22 | Crear | Villager (Male) |
| 2:39 | Crear | Villager (Male) |
| 2:55 | Construir | Lumber Camp |
| 3:03 | Crear | Villager (Male) |
| 3:08 | Crear | Villager (Male) |
| 3:24 | Crear | Villager (Male) |
| 3:25 | Crear | Villager (Male) |
| 4:11 | Crear | Villager (Male) |
| 4:12 | Crear | Villager (Male) |
| 4:38 | Investigar | Loom |
| 4:42 | Construir | House |
| 5:02 | Crear | Villager (Male) |
| 5:32 | Crear | Villager (Male) |
| 5:40 | Construir | Mill |
| 5:45 | Crear | Villager (Male) |
| 6:21 | Crear | Villager (Male) |
| 6:45 | Investigar | Feudal Age |
| 7:18 | Construir | Lumber Camp |
| 7:36 | Crear | Villager (Male) |
| 7:58 | Construir | House |
| 8:22 | Crear | Villager (Male) |
| 8:26 | Construir | Barracks |
| 8:53 | Crear | Villager (Male) |
| 8:57 | Edad | Edad Feudal |
| 8:59 | Investigar | Double-Bit Axe |
| 9:05 | Crear | Villager (Male) |
| 9:18 | Crear | Villager (Male) |
| 9:21 | Construir | Stable |
| 9:42 | Crear | Villager (Male) |
| 9:44 | Construir | House |
| 9:46 | Construir | House |
| 9:51 | Crear | Villager (Male) |
| 10:04 | Crear | Scout Cavalry |
| 10:06 | Construir | House |
| 10:08 | Crear | Villager (Male) |
| 10:09 | Crear | Spearman |
| 10:11 | Construir | Palisade Wall |
| 10:14 | Construir | Palisade Wall |
| 10:16 | Crear | Villager (Male) |
| 10:18 | Construir | Palisade Wall |
| 10:23 | Crear | Villager (Male) |
| 10:38 | Crear | Scout Cavalry |
| 10:42 | Investigar | Horse Collar |
| 10:48 | Crear | Villager (Male) |
| 10:48 | Crear | Villager (Male) |
| 10:50 | Construir | Farm |
| 10:52 | Construir | Farm |
| 10:53 | Construir | Farm |
| 11:04 | Crear | Scout Cavalry |
| 11:05 | Crear | Villager (Male) |
| 11:33 | Crear | Scout Cavalry |
| 11:35 | Construir | Farm |
| 11:36 | Construir | Farm |
| 11:37 | Construir | Farm |
| 11:40 | Crear | Villager (Male) |
| 11:40 | Crear | Villager (Male) |
| 11:51 | Crear | Villager (Male) |
| 12:09 | Construir | Archery Range |
| 12:11 | Crear | Villager (Male) |
| 12:21 | Construir | House |
| 12:34 | Construir | Mining Camp |
| 12:44 | Crear | Villager (Male) |
| 12:52 | Crear | Villager (Male) |
| 13:01 | Construir | House |
| 13:02 | Construir | Palisade Wall |
| 13:02 | Crear | Archer |
| 13:05 | Construir | Farm |
| 13:07 | Crear | Villager (Male) |
| 13:19 | Construir | Palisade Wall |
| 13:20 | Construir | Palisade Wall |
| 13:20 | Crear | Villager (Male) |
| 13:21 | Construir | Palisade Wall |
| 13:24 | Construir | Palisade Wall |
| 13:29 | Construir | Palisade Wall |
| 13:33 | Crear | Archer |
| 13:45 | Crear | Villager (Male) |
| 13:47 | Crear | Villager (Male) |
| 13:47 | Crear | Villager (Male) |
| 13:48 | Construir | Farm |
| 13:56 | Crear | Archer |
| 13:58 | Crear | Villager (Male) |
| 14:10 | Crear | Villager (Male) |
| 14:11 | Crear | Villager (Male) |
| 14:14 | Construir | Farm |
| 14:21 | Construir | Blacksmith |
| 14:22 | Construir | House |
| 14:25 | Crear | Archer |
| 14:29 | Crear | Villager (Male) |
| 14:29 | Crear | Villager (Male) |
| 14:30 | Construir | Palisade Wall |
| 14:30 | Construir | Palisade Wall |
| 14:34 | Construir | House |
| 14:52 | Construir | Palisade Wall |
| 14:57 | Crear | Villager (Male) |
| 14:58 | Construir | Farm |
| 15:06 | Crear | Villager (Male) |
| 15:09 | Crear | Archer |
| 15:11 | Crear | Villager (Male) |
| 15:15 | Construir | Farm |
| 15:17 | Construir | Farm |
| 15:18 | Crear | Archer |
| 15:26 | Investigar | Fletching |
| 15:29 | Crear | Villager (Male) |
| 15:34 | Construir | Palisade Wall |
| 15:35 | Crear | Villager (Male) |
| 15:45 | Construir | Farm |
| 15:47 | Construir | Farm |
| 15:48 | Construir | Farm |
| 15:53 | Crear | Villager (Male) |
| 15:57 | Crear | Villager (Male) |
| 16:00 | Construir | Palisade Wall |
| 16:08 | Construir | Farm |
| 16:26 | Crear | Villager (Male) |
| 16:33 | Construir | Palisade Gate |
| 16:35 | Crear | Archer |
| 16:39 | Crear | Villager (Male) |
| 16:45 | Crear | Villager (Male) |
| 17:11 | Construir | Palisade Wall |
| 17:17 | Investigar | Castle Age |
| 17:17 | Investigar | Castle Age |
| 17:19 | Construir | House |
| 17:20 | Crear | Archer |
| 17:31 | Construir | House |
| 17:34 | Construir | Mining Camp |
| 17:38 | Crear | Archer |
| 17:49 | Investigar | Gold Mining |
| 17:51 | Crear | Villager (Male) |
| 18:20 | Investigar | Fletching |
| 18:43 | Crear | Archer |
| 18:46 | Crear | Villager (Male) |
| 18:53 | Crear | Villager (Male) |
| 18:59 | Construir | Archery Range |
| 19:09 | Crear | Archer |
| 19:12 | Crear | Villager (Male) |
| 19:15 | Construir | Lumber Camp |
| 19:24 | Crear | Archer |
| 19:35 | Crear | Archer |
| 19:46 | Crear | Villager (Male) |
| 19:48 | Crear | Villager (Male) |
| 19:57 | Edad | Edad de los Castillos |
| 20:00 | Investigar | Crossbowman (upgrade) |
Cronología de la partida
| 4:01 | Thành Cổ Quảng Trị · wall_segment Palisade Wall x6 |
| 5:19 | Thành Cổ Quảng Trị · first_building Barracks |
| 5:23 | Thành Cổ Quảng Trị · wall_segment Palisade Wall x2 |
| 6:24 | Thành Cổ Quảng Trị · wall_segment Palisade Wall x7 |
| 6:30 | Thành Cổ Quảng Trị · wall_segment Palisade Wall x7 |
| 7:14 | Thành Cổ Quảng Trị · wall_segment Palisade Wall x9 |
| 7:32 | Thành Cổ Quảng Trị · wall_segment Palisade Wall x1 |
| 8:20 | Thành Cổ Quảng Trị · wall_segment Palisade Wall x1 |
| 8:26 | Oni.Lewis · first_building Barracks |
| 8:57 | Oni.Lewis · age_up feudal |
| 9:21 | Oni.Lewis · first_building Stable |
| 9:41 | Thành Cổ Quảng Trị · age_up feudal |
| 10:11 | Oni.Lewis · wall_segment Palisade Wall x1 |
| 10:14 | Oni.Lewis · wall_segment Palisade Wall x1 |
| 10:18 | Oni.Lewis · wall_segment Palisade Wall x1 |
| 12:09 | Oni.Lewis · first_building Archery Range |
| 13:02 | Oni.Lewis · wall_segment Palisade Wall x1 |
| 13:19 | Oni.Lewis · wall_segment Palisade Wall x1 |
| 13:20 | Oni.Lewis · wall_segment Palisade Wall x2 |
| 13:21 | Oni.Lewis · wall_segment Palisade Wall x1 |
| 13:24 | Oni.Lewis · wall_segment Palisade Wall x1 |
| 13:29 | Oni.Lewis · wall_segment Palisade Wall x1 |
| 14:09 | Thành Cổ Quảng Trị · first_building Archery Range |
| 14:30 | Oni.Lewis · wall_segment Palisade Wall x1 |
| 14:30 | Oni.Lewis · wall_segment Palisade Wall x1 |
| 14:52 | Oni.Lewis · wall_segment Palisade Wall x1 |
| 15:34 | Oni.Lewis · wall_segment Palisade Wall x10 |
| 16:00 | Oni.Lewis · wall_segment Palisade Wall x5 |
| 17:11 | Oni.Lewis · wall_segment Palisade Wall x1 |
| 18:47 | Thành Cổ Quảng Trị · wall_segment Stone Wall x1 |
| 19:39 | Thành Cổ Quảng Trị · age_up castle |
| 19:57 | Oni.Lewis · age_up castle |
| 20:30 | Thành Cổ Quảng Trị · first_building Monastery |
| 20:52 | Oni.Lewis · first_building Siege Workshop |
| 21:06 | Thành Cổ Quảng Trị · first_building Castle |
| 25:00 | Thành Cổ Quảng Trị · first_building Siege Workshop |
| 27:14 | Thành Cổ Quảng Trị · first_building Stable |
| 29:37 | Oni.Lewis · first_building Monastery |
| 32:51 | Oni.Lewis · first_building Castle |
| 33:13 | Oni.Lewis · first_market_buy 100 food |
| 33:45 | Thành Cổ Quảng Trị · first_market_buy 100 stone |
| 36:59 | Oni.Lewis · age_up imperial |
| 37:04 | Oni.Lewis · first_market_sell 500 wood |
| 38:20 | Thành Cổ Quảng Trị · age_up imperial |
| 40:24 | Thành Cổ Quảng Trị · first_market_sell 100 wood |
| 43:00 | Thành Cổ Quảng Trị · wall_segment Palisade Wall x1 |
| 43:01 | Thành Cổ Quảng Trị · wall_segment Palisade Wall x1 |
| 49:26 | Oni.Lewis · wall_segment Stone Wall x5 |
| 52:55 | Thành Cổ Quảng Trị · resign |
[ ANÁLISIS IA · 1 CRÉDITO ]
¿Qué pasó realmente en esta partida?
Wolo.gg analiza cada decisión: build order, eco, micro, errores típicos por bracket. Análisis personalizado por WhatsApp o Discord en 30 segundos.
Guía civ
Bengalíes
Perfil
Jugador #2660491